 Dungeon Crawl Stone Soup version 0.31-a0-620-gd1cbd99268 (webtiles) character file.

Game seed: 18308633717153484198

1664 heikuro the Shield-Bearer (level 9, -4/69 HPs)
             Began as a Formicid Fighter on Aug 23, 2023.
             Was an Elder of Lugonu.
             Slain by an orc warrior
             ... wielding a +0 hand axe
              (8 damage)
             ... on level 7 of the Dungeon.
             The game lasted 00:12:18 (5127 turns).

heikuro the Shield-Bearer (Formicid Fighter)        Turns: 5127, Time: 00:12:19

Health: -4/69      AC: 10    Str: 24    XL:     9   Next: 20%
Magic:  12/12      EV:  9    Int:  9    God:    Lugonu [****..]
Gold:   356        SH:  5    Dex: 13    Spells: 8/8 levels left

rFire   . . .        a - +0 war axe
rCold   . . .        c - +0 buckler
rNeg    . . .        e - +3 scale mail
rPois   .            (helmet unavailable)
rElec   .            (no cloak)
rCorr   .            (no gloves)
SInv    +            (no boots)
Will    .....        (no amulet) Stlth
                     (no ring)
HPRegen 0.31/turn    (no ring)
MPRegen 0.13/turn

%: no passive effects
@: no status effects
A: permanent stasis, dig shafts and tunnels, antennae 3, four strong arms
a: Dig, Shaft Self, Renounce Religion, Depart the Abyss, Banish, Corrupt


You were on level 7 of the Dungeon.
You worshipped Lugonu.
Lugonu was greatly pleased with you.
You visited 2 branches of the dungeon, and saw 8 of its levels.

You collected 356 gold pieces.

Inventory:

Hand Weapons
 a - a +0 war axe (weapon)
 j - a +2 dagger of draining
Missiles
 o - 6 poisoned darts (quivered)
 q - 6 javelins
 z - a throwing net
 A - a curare-tipped dart
Armour
 c - a +0 buckler (worn)
 e - a +3 scale mail (worn)
Jewellery
 p - a ring of fire
 B - a ring of fire
 C - a ring of wizardry
Wands
 n - a wand of polymorph (5)
 y - a wand of flame (13)
Scrolls
 f - 2 scrolls of amnesia {unknown}
 h - 2 scrolls of identify
 i - 4 scrolls of enchant armour {unknown}
 l - 4 scrolls of teleportation {unknown}
 m - a scroll of fog {unknown}
 t - a scroll of butterflies {unknown}
 u - a scroll of immolation {unknown}
 x - 2 scrolls of noise {unknown}
Potions
 b - 4 potions of curing
 d - 2 potions of might
 g - a potion of mutation
 k - 3 potions of enlightenment
 r - 3 potions of ambrosia
 s - a potion of degeneration {unknown}
 v - 2 potions of brilliance {unknown}
 w - 2 potions of invisibility {unknown}


   Skills:
 + Level 6.0 Fighting
 * Level 6.7 Axes
 + Level 6.0 Armour
 + Level 7.0 Shields
 + Level 5.0 Invocations


You had 8 spell levels left.
You didn't know any spells.
Your spell library contained the following spells:

 Spells                   Type           Power      Damage    Failure   Level
 Summon Small Mammal      Summ           0%         N/A       73%         1
 Ensorcelled Hibernation  Hex/Ice        0%         N/A       86%         2
 Static Discharge         Conj/Air       0%         2-2/arc   86%         2
 Sublimation of Blood     Necr           0%         N/A       86%         2
 Call Canine Familiar     Summ           0%         N/A       97%         3
 Summon Guardian Golem    Hex/Summ       0%         N/A       97%         3
 Airstrike                Air            0%         2d(0-16)  100%        4
 Anguish                  Hex/Necr       0%         N/A       100%        4
 Petrify                  Tmut/Erth      0%         N/A       100%        4
 Summon Lightning Spire   Summ/Air       0%         N/A       100%        4
 Irradiate                Conj/Tmut      0%         3d11      100%        5


Dungeon Overview and Level Annotations

Branches:
Dungeon (7/15)             Temple (1/1) D:6

Altars:
Ashenzari
Cheibriados
Dithmenos
Elyvilon
Fedhas
Gozag
Hepliaklqana
Kikubaaqudgha
Makhleb
Nemelex Xobeh
Okawaru
Qazlal
Ru
Sif Muna
Trog
Vehumet
Wu Jian
Yredelemnul
Zin
The Shining One
Lugonu

Shops:
D:1 [   D:6 *

Annotations:
D:4 2 transporters, wormstring's ghost, amateur BaSh


Innate Abilities, Weirdness & Mutations

You cannot be hasted, slowed, berserked, paralysed or teleported.
You can dig through walls and to a lower floor.
You have a pair of large antennae on your head. (SInv)
Your four strong arms can wield two-handed weapons with a shield.


Message History

You hit the orc. You block the orc's attack.
You block the orc warrior's attack.
Unknown command.
You closely miss the orc warrior.
The orc warrior is moderately wounded.
You hit the orc. You block the orc's attack.
The orc warrior hits you with a +0 hand axe. x2
The orc barely misses you.
You slash the orc!
You kill the orc!
Lugonu accepts your kill.
You hit the orc warrior.
The orc warrior hits you with a +0 hand axe!
You are too injured to fight recklessly!
You are too injured to fight recklessly!
You are too injured to fight recklessly!
You hit the orc warrior.
The orc warrior is heavily wounded.
The orc warrior hits you with a +0 hand axe.
You barely miss the orc warrior.
The orc warrior is heavily wounded.
The orc warrior hits you with a +0 hand axe.
You barely miss the orc warrior.
The orc warrior is heavily wounded.
The orc warrior hits you with a +0 hand axe!
* * * LOW HITPOINT WARNING * * *
You barely miss the orc warrior.
The orc warrior is heavily wounded.
The orc warrior hits you with a +0 hand axe.
* * * LOW HITPOINT WARNING * * *
The orc warrior hits you with a +0 hand axe.
* * * LOW HITPOINT WARNING * * *
You hit the orc warrior.
The orc warrior is heavily wounded.
The orc warrior hits you with a +0 hand axe.
* * * LOW HITPOINT WARNING * * *
You hit the orc warrior.
The orc warrior is severely wounded.
The orc warrior hits you with a +0 hand axe!
You die...

### ######.### #
##........#######
#.#..#####.........
#.#.## ##..######
#...# #....#####
##)@# ####......
#)o# #.####. #..#
#######.####. ....
............. .....
#######....#>
..###.# ####... ...
.# ##.. .... .. #..
#..


You could see an orc warrior.

Vanquished Creatures
  Sigmund (D:6)
  Eustachio (D:4)
  A sky beast (D:7)
  An ice beast (D:7)
  A black bear (D:6)
  An ogre (D:4)
  A phantom (D:6)
  A kobold brigand (D:7)
  2 scorpions
  4 wights
  2 hounds
  4 iguanas
  2 orc wizards (D:3)
  14 gnolls
  7 adders
  A white imp (D:6)
  2 worms (D:2)
  A dart slug (D:1)
  15 orcs
  2 endoplasms
  2 giant cockroaches
  8 goblins
  9 hobgoblins
  4 quokkas
  7 ball pythons
  7 bats
  4 frilled lizards
  15 kobolds
  10 rats
  A spectral kobold (D:1)
131 creatures vanquished.

Notes
Turn   | Place    | Note
-------+----------+-------------------------------------------
     0 | D:1      | heikuro the Formicid Fighter began the quest for the Orb.
     0 | D:1      | Reached XP level 1. HP: 18/18 MP: 1/1
    23 | D:1      | Found a faded altar of an unknown god.
    33 | D:1      | Prayed at the altar of an unknown god.
    33 | D:1      | Became a worshipper of Lugonu the Unformed
    33 | D:1      | Reached * piety under Lugonu
    53 | D:1      | Found Secsomeiro's Antique Armour Shop.
   226 | D:1      | Reached XP level 2. HP: 24/24 MP: 2/2
   397 | D:1      | Reached skill level 1 in Invocations
   397 | D:1      | Reached XP level 3. HP: 29/29 MP: 3/3
   539 | D:1      | Reached ** piety under Lugonu
  1050 | D:2      | Reached XP level 4. HP: 25/37 MP: 3/5
  1756 | D:3      | Reached XP level 5. HP: 39/42 MP: 6/6
  1901 | D:3      | Reached *** piety under Lugonu
  2034 | D:2      | Reached XP level 6. HP: 28/48 MP: 7/7
  2235 | D:3      | Found a bloodstained altar of Trog.
  2681 | D:4      | Noticed an ogre
  2691 | D:4      | Killed an ogre
  2692 | D:4      | Reached skill level 5 in Shields
  2793 | D:4      | Found a transporter.
  2795 | D:4      | Noticed wormstring's ghost (amateur BaSh)
  2822 | D:4      | Found a transporter.
  2829 | D:4      | Noticed Eustachio
  2866 | D:4      | Killed Eustachio
  2867 | D:4      | Reached XP level 7. HP: 42/55 MP: 7/9
  3223 | D:5      | Entered Level 5 of the Dungeon
  3868 | D:5      | Reached skill level 5 in Axes
  4115 | D:6      | Reached skill level 5 in Armour
  4245 | D:6      | Reached skill level 5 in Fighting
  4245 | D:6      | Reached XP level 8. HP: 53/62 MP: 10/10
  4272 | D:6      | Reached skill level 6 in Shields
  4671 | D:6      | Noticed Sigmund
  4675 | D:6      | Found a staircase to the Ecumenical Temple.
  4687 | D:6      | Killed Sigmund
  4737 | Temple   | Entered the Ecumenical Temple
  4819 | D:6      | Found Cianis's Assorted Antiques.
  4945 | D:7      | Reached XP level 9. HP: 55/69 MP: 12/12
  4951 | D:7      | Reached **** piety under Lugonu
  5052 | D:7      | Reached skill level 5 in Invocations
  5056 | D:7      | Reached skill level 7 in Shields
  5127 | D:7      | Slain by an orc warrior

Illustrated notes

Levels and vault maps discovered:
D:1:      mrwooster_arrival_statue_2, layout_basic,
          dreamdust_ecumenical_altar_drowned_temple, serial_shops,
          nicolae_shop_behind_doors
D:2:      layout_rooms, kennysheep_generic_room_10
D:3:      layout_rooms, trog_butcher_becter, minmay_randomly_rotated_circles
D:4:      layout_gridville, gammafunk_ghost_stat_death, uniq_eustachio
D:5:      layout_rooms
D:6:      layout_cave_pools, minmay_temple_entry_crystal_x, serial_shops,
          kennysheep_mini_moat, kennysheep_generic_room_14, uniq_sigmund
D:7:      layout_rooms, interstate_on_off
Temple:   hellmonk_temple_of_storms

Skill      XL: |  1  2  3  4  5  6  7  8  9 |
---------------+----------------------------+-----
Invocations    | 1 2 3 4 5 |  5.0
Axes           | 3 4 5 6 |  6.7
Fighting       | 4 5 6 |  6.0
Armour         | 4 5 6 |  6.0
Shields        | 5 6 7 |  7.0

Action                     |  1- 3 |  4- 6 |  7- 9 || total
---------------------------+-------+-------+-------++-------
  Melee: War axe           |    93 |   153 |   224 ||   470
         Dagger            |    22 |       |       ||    22
  Throw: Dart              |       |     5 |       ||     5
    Use: Scroll            |       |     3 |     3 ||     6
 Armour: Scale mail        |    80 |    84 |    97 ||   261
  Dodge: Dodged            |    68 |    89 |    78 ||   235
  Block: Buckler           |    41 |    42 |    67 ||   150

Table legend: (Time is in decaauts)
 A = Elapsed time spent in this place.
 B = Non-inter-level travel time spent in this place.
 C = Inter-level travel time spent in this place.
 D = Time resting spent in this place.
 E = Time spent auto-exploring this place.
 F = Levels seen in this place.
 G = Mean time per level.
                   A        B        C        D        E       F      G
               +--------+--------+--------+--------+--------+-----+--------+
         Total |   5285 |   5120 |    165 |    397 |   2964 |   8 |  660.6 |
       Dungeon |   5283 |   5118 |    165 |    397 |   2964 |   7 |  754.7 |
        Temple |      1 |      1 |      0 |      0 |      0 |   1 |    1.0 |
               +--------+--------+--------+--------+--------+-----+--------+

Top non-repeatable levels by time:
     D:1: 1009 daAuts
     D:5: 899 daAuts
     D:4: 813 daAuts
     D:3: 794 daAuts
     D:6: 787 daAuts
     D:2: 708 daAuts
     D:7: 271 daAuts
  Temple: 1 daAuts
